 Dungeon Crawl Stone Soup version 0.19-a0-1899-g2d93087 (webtiles) character file.

341 qqqbard the Digger (level 6, 0/32 HPs)
             Began as a Gargoyle Earth Elementalist on Oct 19, 2016.
             Slain by a hungry ghost (3 damage)
             ... on level 3 of the Dungeon.
             The game lasted 00:09:39 (2397 turns).

qqqbard the Digger (Gargoyle Earth Elementalist)    Turns: 2397, Time: 00:09:40

Health: 0/32       AC:  8    Str: 11    XL:     6   Next: 56%
Magic:  1/13       EV: 14    Int: 18    God:
Gold:   42         SH:  0    Dex: 10    Spells: 2 memorised, 10 levels left

rFire  . . .     SeeInvis .     a - +4 quarterstaff (chaos)
rCold  + . .     Gourm    .     v - +0 robe {rC+}
rNeg   + . .     Faith    .     (shield currently unavailable)
rPois  ∞         Spirit   .     B - +0 helmet
rElec  +         Reflect  .     t - +0 cloak (curse)
rCorr  .         Harm     .     (no gloves)
MR     .....                    (no boots)
Stlth  ++........               (no amulet)
                                (no ring)
                                c - +2 ring of evasion

@: fainting
A: negative energy resistance 1, electricity resistance, unbreathing,
petrification resistance, rot immunity, AC +4
a: no special abilities


You were on level 3 of the Dungeon.
You were fainting.

You visited 1 branch of the dungeon, and saw 3 of its levels.

You collected 42 gold pieces.

Inventory:

Hand Weapons
 a - a +4 quarterstaff of chaos (weapon)
Missiles
 b - 181 stones (quivered)
Armour
 t - a cursed +0 cloak (worn)
 v - a +0 robe of cold resistance (worn)
 B - a +0 helmet (worn)
Jewellery
 c - a +2 ring of evasion (left hand)
Wands
 y - a wand of polymorph (16/24)
Scrolls
 g - 2 scrolls of immolation {unknown}
 j - 2 scrolls of teleportation {unknown}
 n - a scroll of amnesia {unknown}
 o - a scroll of random uselessness {unknown}
 p - 2 scrolls of enchant armour {unknown}
 s - 2 scrolls of identify
 u - 2 scrolls of remove curse {unknown}
Potions
 f - a potion of heal wounds {unknown}
 h - a potion of brilliance
 x - a potion of lignification
 z - a potion of curing {unknown}
Books
 e - a book of Geomancy

   Spells                             Type                      Level
   a - Sandblast                      Earth                        1
   b - Passwall                       Transmutation/Earth          2
   c - Stone Arrow                    Conjuration/Earth            3
   d - Petrify                        Transmutation/Earth          4
   e - Lee's Rapid Deconstruction     Earth                        5
 A - a book of Misfortune

   Spells                             Type                      Level
   a - Confusing Touch                Hexes                        1
   b - Confuse                        Hexes                        3
   c - Gell's Gravitas                Hexes/Translocation          3
   d - Petrify                        Transmutation/Earth          4
   e - Metabolic Englaciation         Hexes/Ice                    5
   f - Yara's Violent Unravelling     Hexes/Transmutation          5
Comestibles
 d - 3 bread rations
 i - a meat ration
 m - a royal jelly
 r - 2 fruits
 w - 2 chunks of flesh


   Skills:
 - Level 1.5 Dodging
 - Level 2.1 Stealth
 * Level 4.6 Spellcasting
 + Level 2.9 Conjurations
   Level 0.7 Transmutations
 + Level 5.3 Earth Magic


You had 10 spell levels left.
You knew the following spells:

 Your Spells              Type           Power        Failure   Level  Hunger
a - Sandblast             Erth           ###...       1%          1    None
b - Stone Arrow           Conj/Erth      ###...       10%         3    ###....


Dungeon Overview and Level Annotations

Branches:
Dungeon (3/15)

Altars:


Innate Abilities, Weirdness & Mutations

You are resistant to torment.
Your stone body is resilient. (AC +4)
You are immune to poison.
You resist negative energy. (rN+)
You are resistant to electric shocks. (rElec)
You can survive without breathing.
You are immune to petrification.
You are immune to rotting.


Message History

It was a potion of lignification.
You turn into a tree.
Your cursed +0 cloak melds into your body.
Your +0 helmet melds into your body.
Your +0 robe of cold resistance melds into your body.
You feel less resistant to cold.
Your roots penetrate the ground.
The hungry ghost hits you.
You feel slightly more hungry.
It was a potion of cure mutation.
It has a very clean taste.
The hungry ghost hits you.
You feel slightly more hungry.
It was a potion of cancellation.
Your magical effects are unravelling.
You feel magically purged.
Your magical contamination has completely faded away.
You feel less woody.
Your cursed +0 cloak unmelds from your body.
Your +0 helmet unmelds from your body.
Your +0 robe of cold resistance unmelds from your body.
You feel resistant to cold.
You feel a little less clever now. The hungry ghost hits you.
You die...

####...........
####........###
#...........#
##.##........#
#.......#.####
#..#......#
##.####..#....###
#....†.....#..#
#.####@......#
#W##.##.# #.......#
####.#### #..>#
#...# #...#
#####...#####
##.####...W...[...#


You could see a hungry ghost.

Vanquished Creatures
  The ghost of Drazool the Digger, an amateur GrEE (D:3)
  Crazy Yiuf (D:2)
  Jessica (D:3)
  Terence (D:2)
  Natasha (twice) (D:2)
  Robin (D:2)
  4 gnolls (D:2)
  3 adders
  A worm (D:2)
  A dart slug (D:1)
  A leopard gecko (D:1)
  5 bats
  A giant cockroach (D:3)
  12 goblins
  14 hobgoblins
  3 jackals (D:2)
  A quokka (D:3)
  2 frilled lizards
  6 kobolds
  8 rats
69 creatures vanquished.

Notes
Turn   | Place    | Note
-------+----------+-------------------------------------------
     0 | D:1      | qqqbard the Gargoyle Earth Elementalist began the quest for the Orb.
     0 | D:1      | Reached XP level 1. HP: 10/10 MP: 3/3
   138 | D:1      | Reached XP level 2. HP: 6/15 MP: 0/5
   500 | D:1      | Reached skill level 4 in Earth Magic
   799 | D:1      | Reached XP level 3. HP: 19/19 MP: 1/7
  1172 | D:2      | Learned a level 3 spell: Stone Arrow
  1345 | D:2      | Reached skill level 1 in Conjurations
  1345 | D:2      | Reached XP level 4. HP: 21/24 MP: 0/8
  1527 | D:2      | Found a runed door.
  1527 | D:2      | Noticed Terence
  1532 | D:2      | Killed Terence
  1574 | D:2      | Noticed Crazy Yiuf
  1578 | D:2      | Killed Crazy Yiuf
  1578 | D:2      | Reached XP level 5. HP: 23/28 MP: 5/10
  1754 | D:2      | Noticed Natasha
  1760 | D:2      | Killed Natasha
  1972 | D:2      | Noticed Robin
  2011 | D:2      | Killed Robin
  2011 | D:2      | Reached skill level 5 in Earth Magic
  2195 | D:2      | Noticed Natasha
  2205 | D:2      | Killed Natasha
  2205 | D:2      | Reached XP level 6. HP: 19/32 MP: 12/12
  2334 | D:3      | Noticed Jessica
  2339 | D:3      | Killed Jessica
  2340 | D:3      | Noticed a hungry ghost
  2347 | D:3      | Noticed Drazool's ghost (amateur GrEE)
  2371 | D:3      | Killed Drazool's ghost
  2397 | D:3      | Slain by a hungry ghost

Vault maps used:
D:1:      eino_arrival_water_cross, minmay_pentomino_v4
D:2:      kennysheep_goblin_castle, first_bread, uniq_natasha,
          uniq_crazy_yiuf_cottage, uniq_terence
D:3:      uniq_jessica, uniq_robin

Skill      XL: |  1  2  3  4  5 |
---------------+----------------+-----
Earth Magic    | 4 5 |  5.3
Spellcasting   | 3 4 |  4.6
Conjurations   | 1 2 |  2.9
Dodging        | |  1.5
Stealth        | |  2.1
Transmutations | |  0.7

Action                   |  1- 3 |  4- 6 || total
-------------------------+-------+-------++-------
Melee: Unarmed           |     6 |       ||     6
       Quarterstaff      |       |    86 ||    86
 Cast: Sandblast         |    60 |    24 ||    84
       Stone Arrow       |       |    10 ||    10
  Use: Scroll            |       |     1 ||     1
       Potion            |       |     4 ||     4
 Stab: Paralysed         |       |     1 ||     1
       Sleeping          |       |     1 ||     1
  Eat: Chunk             |     1 |     6 ||     7
Armor: Robe              |     8 |    38 ||    46
       Skin              |       |     2 ||     2
Dodge: Dodged            |    20 |    71 ||    91
